Map: Berlingrad LE

Players

A.I. 1 (Very Hard)

  • Race: Terran Terran

Baller - Winner!

  • Race: Zerg Zerg
  • League: Silver

VOD

Have the link to the VOD?

Description

Time

  • Played on: March 6, 2022, 3:04 p.m.
  • Length: 28:39
Show
View Real Time Build Order
Export as new Build Order

A.I. 1 (Very Hard) Terran 

Build Orders:  

Get SALT Encoding   

  12  0:00  SCV  
  13  0:13  SCV  
  14  0:18  Supply Depot  
  14  0:25  SCV  
  15  0:39  SCV  
  16  0:51  SCV  
  16  0:54  Refinery  
  16  0:56  Barracks  
  17  1:03  SCV  
  18  1:16  SCV  
  19  1:26  Command Center  
  19  1:36  Supply Depot  
  19  1:38  SCV  
  20  1:42  Marine  
  21  1:58  Factory  
  21  2:08  Barracks  
  21  2:10  SCV  
  21  2:14  Marine  
  23  2:22  SCV  
  24  2:27  Supply Depot  
  24  2:33  Marine  
  24  2:34  SCV  
  26  2:40  SCV  
  27  2:44  Factory Tech Lab  
  27  2:51  Marine, SCV  
  29  2:59  Orbital Command  
  29  3:04  Refinery  
  29  3:11  Orbital Command  
  29  3:12  Marine  
  29  3:16  Marine  
  31  3:25  SCV  
  32  3:30  Marine  
  32  3:34  Marine  
  33  3:36  SCV  
  33  3:37  SCV  
  36  3:43  Barracks  
  36  3:48  Marine, SCV  
  36  3:49  SCV  
  36  3:52  Barracks Tech Lab  
  39  3:59  Supply Depot  
  39  4:01  SCV x2  
  41  4:07  Barracks Tech Lab  
  41  4:10  Marine  
  41  4:11  Stimpack  
  41  4:13  Siege Tank, SCV x2  
  47  4:24  Combat Shield  
  47  4:25  Marine, SCV x2  
  47  4:28  Marine  
  47  4:30  Marine  
  52  4:31  Supply Depot  
  52  4:37  SCV x2  
  54  4:38  Supply Depot  
  54  4:43  Marine  
  54  4:45  Siege Tank  
  58  4:46  Marauder  
  58  4:49  SCV, Barracks Reactor  
  61  4:53  SCV  
  61  4:54  Refinery  
  62  5:01  Marauder, SCV  
  62  5:05  SCV  
  66  5:08  Marauder  
  66  5:10  Refinery  
  66  5:12  Supply Depot  
  66  5:13  SCV  
  69  5:17  Siege Tank, SCV  
  73  5:22  Marauder  
  73  5:25  SCV  
  76  5:29  Marauder  
  76  5:34  SCV  
  79  5:37  SCV, Supply Depot  
  80  5:44  Marauder, Engineering Bay  
  80  5:46  SCV  
  80  5:49  Siege Tank  
  86  5:51  Engineering Bay  
  86  5:58  SCV  
  86  5:59  Marauder  
  86  6:00  SCV  
  86  6:01  Supply Depot  
  90  6:05  Marauder  
  90  6:07  Concussive Shells  
  90  6:09  Terran Infantry Armor Level 1  
  90  6:10  Missile Turret  
  92  6:11  Missile Turret  
  92  6:16  Barracks, Terran Infantry Weapons Level 1  
  92  6:20  Marauder  
  92  6:21  Starport  
  94  6:26  Marine, Marauder, Supply Depot  
  94  6:28  Marine  
  98  6:42  Marauder, Missile Turret  
  100  6:48  Marauder  
  100  6:50  Siege Tank, Supply Depot  
  105  6:55  Command Center  
  105  6:58  Starport Reactor  
  105  7:05  Missile Turret  
  105  7:13  Supply Depot  
  105  7:22  Siege Tank  
  108  7:31  Missile Turret  
  108  7:34  Medivac  
  110  7:37  Armory  
  110  7:38  Supply Depot  
  110  7:54  Widow Mine  
  112  8:07  Armory  
  112  8:08  SCV x2  
  112  8:09  Refinery, SCV  
  112  8:12  Medivac  
  117  8:16  Widow Mine, Missile Turret  
  119  8:20  SCV, Missile Turret  
  119  8:21  SCV x2  
  119  8:25  Terran Vehicle Weapons Level 1  
  119  8:26  Marine x3, Refinery  
  122  8:27  Marine x2, Command Center  
  122  8:32  SCV  
  122  8:33  Orbital Command, SCV  
  103  8:37  Widow Mine  
  93  8:44  Marine x4, SCV  
  93  8:45  Marine  
  93  8:46  SCV  
  98  8:54  Terran Vehicle And Ship Armor Level 1  
  92  8:56  SCV  
  92  8:58  SCV  
  92  8:59  Widow Mine, SCV  
  92  9:02  Marine x3, Marauder  
  98  9:05  Marine  
  98  9:09  SCV  
  101  9:10  SCV  
  101  9:12  SCV  
  103  9:18  Terran Infantry Weapons Level 2  
  103  9:20  Marine x3, Siege Tank  
  103  9:21  SCV  
  103  9:22  SCV  
  103  9:23  Marine  
  103  9:24  Marauder  
  114  9:27  SCV  
  115  9:33  Medivac  
  115  9:37  Marine  
  115  9:38  Marine  
  119  9:39  SCV  
  119  9:40  Factory  
  119  9:41  SCV  
  119  9:44  Planetary Fortress  
  119  9:45  Marauder  
  122  9:52  Siege Tank  
  125  9:53  Missile Turret  
  125  9:55  Missile Turret  
  125  9:56  Marauder  
  127  10:06  Marauder, Hi-Sec Auto Tracking  
  129  10:07  Starport  
  129  10:17  Marauder  
  129  10:21  Medivac  
  133  10:24  Siege Tank, Terran Vehicle Weapons Level 2, Factory Tech Lab  
  133  10:28  Marauder  
  138  10:31  Command Center, Supply Depot  
  138  10:39  Marauder  
  138  10:42  Cyclone  
  143  10:43  Starport Tech Lab  
  143  10:49  Marine, Marauder  
  146  10:52  Marine  
  146  10:53  Marine  
  146  10:55  Supply Depot  
  146  10:56  Liberator, Cyclone  
  154  11:00  Marauder  
  154  11:04  Raven  
  156  11:05  Refinery  
  156  11:07  Marine  
  156  11:11  Marauder  
  161  11:12  Fusion Core  
  161  11:13  Refinery  
  161  11:14  Siege Tank  
  161  11:17  Barracks  
  164  11:20  Neosteel Armor, Supply Depot  
  164  11:21  Marauder, Barracks Tech Lab  
  166  11:30  Siege Tank  
  169  11:34  Missile Turret  
  169  11:36  Missile Turret  
  169  11:38  Missile Turret  
  169  11:42  Marine x2  
  169  11:43  Marine x2  
  169  11:45  Planetary Fortress, Supply Depot  
  169  11:47  Raven  
  175  11:56  Command Center, Refinery  
  175  11:57  Liberator  
  175  11:58  Missile Turret  
  175  11:59  Marauder, SCV  
  175  12:00  Marauder, Missile Turret  
  184  12:01  Widow Mine, Rapid Reignition System  
  184  12:03  Widow Mine  
  184  12:06  Viking, Missile Turret  
  188  12:21  Ghost Academy  
  188  12:22  Marine  
  188  12:23  Marine  
  188  12:24  Marine  
  188  12:25  Marine  
  188  12:27  Siege Tank  
  195  12:30  Viking  
  195  12:36  Medivac  
  199  12:44  Refinery, Terran Infantry Weapons Level 3  
  199  12:46  Missile Turret  
  199  12:50  Siege Tank  
  198  12:51  Ghost  
  198  12:54  Marine  
  198  12:55  Marine x3, Marauder  
  172  13:00  Siege Tank  
  167  13:05  Liberator  
  167  13:08  Terran Vehicle Weapons Level 3  
  167  13:12  Marine, Planetary Fortress  
  170  13:13  Marine x3  
  170  13:15  Viking  
  170  13:16  Marine  
  170  13:19  Viking  
  179  13:20  Marine, Missile Turret  
  179  13:22  Cyclone  
  179  13:25  Missile Turret  
  183  13:30  Marine  
  183  13:31  Marine x2  
  183  13:32  Marine, Siege Tank  
  190  13:34  Marauder  
  190  13:38  Ghost  
  190  13:40  SCV  
  194  13:45  Medivac  
  198  13:48  Marauder  
  198  13:49  Marine  
  199  14:05  Missile Turret  
  199  14:08  Command Center, Personal Cloaking  
  199  14:16  Cyclone  
  199  14:17  Marauder  
  200  14:42  Terran Infantry Armor Level 2  
  200  14:47  Refinery  
  200  14:53  Refinery  
  200  14:56  Marauder  
  200  14:57  Ghost, Marine  
  200  15:00  Marine, Marauder  
  200  15:22  Marine  
  200  15:25  Terran Vehicle And Ship Armor Level 2  
  200  15:34  Nuke, Refinery  
  200  15:46  SCV x2  
  200  15:52  SCV  
  200  15:53  Marine  
  200  15:55  Marine x3  
  200  15:56  Raven  
  200  15:57  Marine, Marauder, Medivac  
  197  15:58  Cyclone, Medivac  
  197  16:01  Siege Tank  
  179  16:11  Marine  
  179  16:13  Marine x2, Marauder, Missile Turret  
  179  16:14  Marine  
  179  16:18  Marine  
  186  16:23  Command Center  
  186  16:27  Viking  
  186  16:28  Viking  
  186  16:29  Marine  
  186  16:30  Siege Tank  
  186  16:31  Marine x2  
  186  16:32  Missile Turret  
  196  16:33  Cyclone  
  196  16:34  Refinery  
  199  16:49  Missile Turret  
  199  17:00  Terran Infantry Armor Level 3, Refinery  
  199  17:02  Medivac  
  199  17:04  Siege Tank  
  199  17:06  Marine x2, Siege Tank  
  199  17:07  Marine x4  
  187  17:10  Viking, Medivac  
  133  17:24  Marine x2  
  133  17:25  Ghost, Marauder, Marine x2  
  141  17:31  Liberator  
  141  17:36  Widow Mine  
  146  17:38  Siege Tank  
  146  17:40  Viking, Liberator  
  146  17:42  Marine x2  
  146  17:43  Marine  
  146  17:44  Marine  
  158  17:46  Marauder  
  158  17:49  SCV x2  
  157  17:54  Marauder  
  157  17:57  Widow Mine  
  127  18:00  Marine x2  
  127  18:01  Marine x2  
  127  18:03  SCV  
  127  18:04  SCV  
  110  18:07  Marine  
  110  18:08  SCV  
  110  18:09  SCV  
  110  18:10  Cyclone, Medivac  
  106  18:14  Medivac  
  106  18:15  Marauder  
  106  18:18  Marine x2  
  106  18:19  Marine x2, Siege Tank  
  117  18:22  Medivac  
  117  18:24  Ghost  
  117  18:25  SCV  
  110  18:27  SCV  
  110  18:29  Missile Turret  
  110  18:31  SCV  
  95  18:35  SCV x2  
  95  18:36  Marine x2, Marauder  
  95  18:37  Marine x2, SCV  
  95  18:40  SCV, Liberator  
  105  18:42  Siege Tank  
  105  18:43  SCV  
  105  18:44  Raven  
  105  18:48  SCV x2  
  108  18:50  SCV  
  108  18:51  Widow Mine  
  108  18:52  Viking  
  108  18:53  Marine x2  
  108  18:54  Marine  
  108  18:55  Marauder  
  117  18:57  SCV  
  117  18:59  SCV, Missile Turret  
  117  19:01  SCV  
  117  19:02  SCV  
  121  19:03  Marauder, SCV  
  121  19:09  SCV  
  112  19:11  Marine x2, SCV  
  112  19:12  Marine, Siege Tank  
  112  19:14  Siege Tank  
  112  19:16  Marauder  
  107  19:17  SCV  
  107  19:18  SCV x2  
  107  19:21  Command Center  
  107  19:22  Medivac  
  107  19:23  SCV  
  96  19:24  Marauder  
  96  19:27  Raven  
  96  19:29  Marine x2, SCV  
  96  19:30  Marine, SCV x2  
  87  19:33  Command Center  
  87  19:36  SCV  
  87  19:37  Marine  
  77  19:41  Missile Turret  
  77  19:42  SCV  
  77  19:44  Siege Tank  
  77  19:45  SCV  
  80  19:46  Marauder, Widow Mine  
  80  19:47  Marine x2  
  80  19:49  Marine  
  80  19:52  SCV  
  85  19:55  Marauder, SCV  
  85  19:59  SCV  
  84  20:01  SCV  
  84  20:04  Marine  
  84  20:05  Marine  
  84  20:06  Marine  
  87  20:07  Marauder  
  87  20:08  SCV  
  87  20:11  SCV  
  87  20:13  SCV  
  79  20:15  SCV  
  79  20:16  Marine  
  79  20:19  Raven  
  79  20:20  SCV  
  70  20:22  Marine  
  70  20:23  Marauder, SCV  
  70  20:24  Marine  
  70  20:25  SCV  
  70  20:27  SCV  
  70  20:28  Marine  
  68  20:32  SCV  
  68  20:34  Marauder  
  66  20:38  SCV  
  66  20:40  Marine  
  66  20:41  SCV  
  66  20:42  Marine, SCV  
  67  20:44  Marauder  
  66  20:54  SCV  
  66  20:55  Marine  
  62  20:57  SCV  
  62  20:58  Marine  
  62  21:00  Marine  
  62  21:01  SCV  
  60  21:05  Marauder  
  60  21:08  Raven  
  57  21:13  Marine  
  57  21:14  SCV  
  57  21:17  Marine  
  46  21:19  Marine  
  45  21:26  SCV  
  45  21:31  Marauder  
  42  21:45  Command Center  
  38  22:14  Barracks  
  38  22:18  SCV  
  38  22:22  SCV  
  40  22:38  SCV x2  
  40  22:39  SCV  
  42  22:44  SCV  
  42  22:54  SCV, Supply Depot  
  42  22:58  Command Center, SCV  
  33  23:00  SCV  
  34  23:12  SCV  
  33  23:14  SCV  
  33  23:17  SCV  
  35  23:21  Barracks  
  35  23:24  SCV  
  35  23:26  SCV  
  36  23:29  SCV  
  37  23:36  SCV  
  37  23:38  Barracks, SCV  
  38  23:41  SCV  
  38  23:48  SCV  
  40  23:51  SCV  
  40  23:53  SCV  
  41  24:00  SCV  
  42  24:03  SCV  
  42  24:05  SCV  
  42  24:09  Supply Depot, Barracks Tech Lab  
  44  24:12  SCV  
  44  24:15  SCV  
  46  24:17  SCV  
  46  24:19  SCV  
  44  24:24  SCV  
  44  24:25  Marine  
  44  24:27  Marine, SCV  
  45  24:34  SCV  
  42  24:42  Marine  
  42  24:45  Command Center, Marauder  
  13  26:13  Command Center  
Show
View Real Time Build Order
Export as new Build Order

Baller Zerg - Winner!

Build Orders: Pool First, Swarm Host 

Get SALT Encoding   

  12  0:00  Drone  
  13  0:14  Overlord  
  13  0:25  Drone  
  14  0:37  Spawning Pool, Drone  
  14  0:41  Drone  
  15  0:45  Drone  
  16  0:51  Extractor  
  16  0:53  Drone  
  16  1:00  Drone  
  17  1:09  Drone  
  18  1:24  Zergling x2  
  19  1:29  Hatchery  
  19  1:31  Drone  
  19  1:41  Extractor  
  19  1:42  Drone  
  19  1:53  Drone  
  20  2:04  Zergling x2  
  21  2:14  Drone  
  22  2:23  Hatchery  
  22  2:26  Overlord  
  21  2:42  Lair  
  21  2:43  Drone x2  
  23  2:52  Drone  
  23  2:53  Drone  
  23  2:57  Overlord  
  25  2:58  Queen  
  25  3:04  Drone  
  28  3:08  Metabolic Boost  
  28  3:15  Evolution Chamber  
  28  3:16  Drone x2  
  29  3:21  Drone  
  30  3:34  Drone  
  30  3:35  Drone x3  
  34  3:41  Queen  
  34  3:42  Drone  
  34  3:45  Extractor  
  34  3:47  Extractor  
  35  3:53  Infestation Pit  
  34  3:59  Hydralisk Den  
  34  4:02  Evolution Chamber  
  32  4:03  Drone  
  32  4:08  Drone  
  32  4:09  Drone x2  
  36  4:12  Drone  
  36  4:14  Drone  
  38  4:24  Drone  
  38  4:25  Drone x3  
  38  4:27  Drone  
  43  4:36  Zerg Melee Weapons Level 1  
  43  4:39  Muscular Augments  
  43  4:48  Extractor  
  43  4:49  Drone x5, Extractor  
  47  5:00  Drone x4  
  50  5:15  Overlord x3  
  50  5:18  Overlord x2  
  50  5:27  Zerg Ground Armor Level 1  
  50  5:31  Pneumatized Carapace  
  50  5:37  Drone x5  
  55  5:48  Hydralisk  
  55  5:49  Hydralisk x2  
  61  5:51  Grooved Spines  
  61  5:59  Hydralisk x2  
  65  6:08  Hydralisk  
  65  6:09  Hydralisk x3  
  73  6:11  Overlord x2  
  73  6:20  Hydralisk  
  73  6:21  Hydralisk  
  77  6:32  Drone x2  
  79  6:33  Drone  
  79  6:34  Hatchery  
  79  6:35  Overlord  
  79  6:38  Extractor, Overseer  
  78  6:48  Nydus Network  
  78  6:50  Swarm Host x2  
  83  7:06  Drone x6  
  83  7:07  Drone  
  90  7:17  Swarm Host x3, Extractor  
  98  7:24  Swarm Host  
  98  7:25  Swarm Host  
  104  7:40  Swarm Host x2  
  104  7:41  Swarm Host  
  104  7:43  Overlord x2  
  113  8:02  Swarm Host x2  
  113  8:03  Swarm Host x5  
  97  9:02  Hydralisk  
  97  9:03  Hydralisk x7  
  97  9:04  Hydralisk  
  115  9:17  Queen  
  117  9:30  Hatchery, Extractor  
  115  9:34  Extractor  
  114  9:45  Drone x3  
  117  9:49  Hydralisk x6  
  129  9:54  Zerg Melee Weapons Level 2  
  129  9:55  Zerg Ground Armor Level 2  
  129  9:59  Evolution Chamber  
  128  10:02  Spine Crawler, Drone  
  128  10:04  Drone x2  
  130  10:38  Overlord x2  
  130  10:39  Overlord x4  
  130  10:44  Zerg Missile Weapons Level 1  
  130  10:49  Hydralisk  
  130  10:50  Hydralisk x2  
  136  11:02  Hatchery  
  135  11:07  Hydralisk  
  135  11:08  Hydralisk x7  
  135  11:09  Hydralisk  
  153  11:14  Hive  
  153  11:46  Hatchery  
  152  11:57  Overlord x3  
  152  11:59  Hydralisk x5  
  152  12:00  Hydralisk x4  
  93  13:11  Burrow  
  93  13:18  Hydralisk x3  
  93  13:19  Hydralisk x8  
  107  13:20  Hydralisk x4  
  123  13:42  Extractor  
  123  13:43  Zergling x2  
  123  13:48  Extractor  
  122  14:14  Zerg Ground Armor Level 3, Zerg Melee Weapons Level 3  
  122  14:15  Zerg Missile Weapons Level 2  
  122  14:21  Hydralisk x2  
  122  14:22  Hydralisk x7  
  122  14:23  Hydralisk x8  
  122  14:24  Hydralisk  
  158  14:31  Queen  
  156  15:28  Hydralisk x5  
  156  15:29  Hydralisk x7  
  156  15:30  Hydralisk x6  
  179  15:57  Hydralisk x5  
  179  15:58  Hydralisk x6  
  169  16:20  Hydralisk x5  
  169  16:21  Hydralisk x5  
  189  16:46  Overseer  
  189  16:48  Overseer x3  
  189  16:49  Overseer  
  152  17:25  Hydralisk x5  
  152  17:26  Hydralisk x8  
  152  17:27  Hydralisk x3  
  181  17:54  Hydralisk x7  
  181  17:55  Hydralisk x2  
  140  19:23  Hydralisk x7  
  140  19:24  Hydralisk x8  
  146  19:25  Hydralisk x3  
  150  19:48  Hydralisk x6  
  150  19:49  Hydralisk  
  142  20:17  Swarm Host x4  
  142  20:20  Hydralisk  
  142  22:59  Hydralisk x6  
  142  23:00  Hydralisk x7  
  142  23:01  Hydralisk x4  
  176  23:16  Drone x2  
  178  23:20  Hydralisk x4  
  182  26:12  Queen  
  184  26:35  Extractor  
  184  26:37  Extractor  
  182  26:55  Extractor  
  182  26:58  Hatchery  
  180  27:01  Extractor  
  180  27:04  Extractor  
  180  27:06  Hatchery  
  180  27:08  Extractor  
  176  27:14  Hatchery, Extractor  
  174  27:18  Extractor  
Tags
 
Composition
Swarm Host
League
Silver
Matchup
TvZ
Opening
Pool First
Add a new tag
Caveats
  • Supply blocks, unpowered buildings, or Contaminate may cause inaccurate times.
  • Supply counts are checked every 10 seconds.